 Dungeon Crawl Stone Soup version 0.27-a0-1591-gc56fcc985a (webtiles) character file.

Game seed: 16361804435473040815

76 bande the Covered (level 4, -2/29 HPs)
             Began as a Gargoyle Fighter on July 20, 2021.
             Killed by divine providence
             ... invoked by an orc priest
              (10 damage)
             ... on level 3 of the Dungeon.
             The game lasted 00:02:46 (2222 turns).

bande the Covered (Gargoyle Fighter)                Turns: 2222, Time: 00:02:46

Health: -2/29      AC: 10    Str: 20    XL:     4   Next: 32%
Magic:  4/4        EV:  7    Int:  8    God:
Gold:   127        SH:  9    Dex: 10    Spells: 3/3 levels left

rFire    . . .     SeeInvis .   a - +1 war axe
rCold    . . .     Faith    .   c - +0 kite shield
rNeg     + . .     Spirit   .   b - +0 scale mail
rPois    ∞         Reflect  .   (no helmet)
rElec    +         Harm     .   (no cloak)
rCorr    .         Rampage  .   (no gloves)
Will     .....                  (no boots)
Stlth    ..........             (no amulet)
HPRegen  0.09/turn              (no ring)
MPRegen  0.09/turn              (no ring)

@: brilliant, attractive
A: sickness immunity, AC +3, negative energy resistance 1, electricity
resistance, torment resistance 1, petrification resistance
a: no special abilities


You were on level 3 of the Dungeon.
You visited 1 branch of the dungeon, and saw 3 of its levels.

You collected 127 gold pieces.

Inventory:

Hand Weapons
 a - a +1 war axe (weapon)
Armour
 b - a +0 scale mail (worn)
 c - a +0 kite shield (worn)
Jewellery
 k - a +4 ring of protection
Scrolls
 f - 2 scrolls of teleportation
 i - 2 scrolls of blinking
 j - 2 scrolls of enchant weapon
Potions
 d - a potion of might
 g - 2 potions of cancellation


   Skills:
 + Level 3.7 Fighting
 + Level 2.7 Axes
 + Level 3.8 Armour
 + Level 0.4 Dodging
 - Level 0.2 Stealth
 + Level 3.8 Shields


You had 3 spell levels left.
You didn't know any spells.
Your spell library contained the following spells:

 Spells                   Type           Power      Damage    Failure   Level
 Malign Gateway           Summ/Tloc      0%         N/A       100%        7
 Summon Horrible Things   Summ           0%         N/A       100%        8


Dungeon Overview and Level Annotations

Branches:
Dungeon (3/15)

Altars:
Xom


Innate Abilities, Weirdness & Mutations

You are immune to sickness and miasma.
Your stone body is resilient. (AC +3)
You are immune to poison.
You resist negative energy. (rN+)
You are resistant to electric shocks. (rElec)
You are resistant to unholy torment.
You are immune to petrification.


Message History

The goblin shouts!
An orc priest comes into view. It is wielding a +0 short sword.
The orc priest shouts!
Your shield and scale mail prevent you from hitting the orc.
The orc barely misses you.
An orc priest comes into view. It is wielding a +0 dagger.
The orc priest shouts!
You hit the orc.
You kill the orc!
You block the orc's attack.
You barely miss the orc.
Your scale mail prevents you from hitting the goblin.
You block the goblin's attack. The orc hits you with a +0 club.
You slash the orc!
You kill the orc!
You closely miss the goblin. You block the goblin's attack.
The orc priest looks encouraged for a moment.
You block the goblin's attack.
You miss the goblin. You block the goblin's attack.
The orc priest barely misses you. The goblin barely misses you.
You completely miss the orc priest. You slash the goblin!
You kill the goblin!
The orc priest hits you with a +0 dagger.
The orc priest hits you but does no damage.
You barely miss the orc priest. You hit the orc priest.
The orc priest invokes the aid of Beogh against you.
Beogh smites you!
Ouch! That really hurt!
* * * LOW HITPOINT WARNING * * *
The orc priest looks braver for a moment.
The orc priest hits you but does no damage.
It was a potion of attraction.
You feel attractive to monsters.
The orc priest hits you but does no damage. x2
It was a potion of brilliance.
You feel clever all of a sudden. You block the orc priest's attack.
The orc priest calls down the wrath of Beogh upon you.
Beogh smites you!
You die...

########
#......######
#.####.##.).##
##.#.####.#.....#
.....§§<........#
.#.#.####§#.....###
§§##.)@...#
###....oo#.#
#.####.# # #.# .#
#.# .. .. ... ..#.
...


You could see 2 orc priests.

Vanquished Creatures
  An adder (D:2)
  2 worms (D:2)
  A dart slug (D:2)
  2 orcs (D:3)
  10 bats
  2 endoplasms (D:1)
  A giant cockroach (D:2)
  6 goblins
  3 hobgoblins
  5 jackals
  4 kobolds
  4 quokkas
  4 ball pythons
  4 frilled lizards
  2 rats (D:2)
51 creatures vanquished.

Notes
Turn   | Place    | Note
-------+----------+-------------------------------------------
     0 | D:1      | bande the Gargoyle Fighter began the quest for the Orb.
     0 | D:1      | Reached XP level 1. HP: 14/14 MP: 1/1
   227 | D:1      | Reached XP level 2. HP: 19/19 MP: 2/2
   286 | D:1      | Found Vigaune's Antique Armour Boutique.
   701 | D:1      | Reached XP level 3. HP: 21/23 MP: 3/3
  1179 | D:2      | Found a faded altar of an unknown god.
  1868 | D:2      | Reached XP level 4. HP: 29/29 MP: 4/4
  1910 | D:2      | Found a shimmering altar of Xom.
  2222 | D:3      | Killed from afar by an orc priest

Illustrated notes

Levels and vault maps discovered:
D:1:      minmay_arrival_up_and_down, layout_loops_ring, serial_shops,
          nicolae_shop_crystal, kennysheep_minor_cross
D:2:      layout_loops_ring, basic_ecumenical_altar, basic_altar,
          minmay_tiny_reverse_x
D:3:      layout_loops_cross, gammafunk_ghost_nasty_kobolds, minivault_5

Skill      XL: |  1  2 |
---------------+-------+-----
Axes           | 2 |  2.7
Fighting       | |  3.7
Armour         | |  3.8
Dodging        | |  0.4
Stealth        | |  0.2
Shields        | |  3.8

Action                   |  1- 3 |  4- 6 || total
-------------------------+-------+-------++-------
Melee: War axe           |   137 |    24 ||   161
  Use: Scroll            |     5 |     1 ||     6
       Potion            |       |     2 ||     2
Armor: Scale mail        |    80 |    14 ||    94
Dodge: Dodged            |    43 |    15 ||    58
Block: Kite shield       |    71 |    14 ||    85

Table legend: (Time is in decaauts)
 A = Elapsed time spent in this place.
 B = Non-inter-level travel time spent in this place.
 C = Inter-level travel time spent in this place.
 D = Time resting spent in this place.
 E = Time spent auto-exploring this place.
 F = Levels seen in this place.
 G = Mean time per level.
                   A        B        C        D        E       F      G
               +--------+--------+--------+--------+--------+-----+--------+
         Total |   2322 |   2307 |     15 |      0 |   1850 |   3 |  774.0 |
       Dungeon |   2322 |   2307 |     15 |      0 |   1850 |   3 |  774.0 |
               +--------+--------+--------+--------+--------+-----+--------+

Top non-repeatable levels by time:
     D:1: 1219 daAuts
     D:2: 1077 daAuts
     D:3: 25 daAuts
